 Dungeon Crawl Stone Soup version 0.20.0-8-g6b59dc7 (webtiles) character file.

1085 Monsterracer the Basher (level 8, -1/36 HPs)
             Began as a Gargoyle Chaos Knight on May 31, 2017.
             Was a Follower of Okawaru.
             Slain by a troll (7 damage)
             ... on level 6 of the Dungeon.
             The game lasted 00:11:28 (6357 turns).

Monsterracer the Basher (Gargoyle Chaos Knight)     Turns: 6357, Time: 00:11:29

Health: -1/36      AC: 19    Str: 18    XL:     8   Next: 30%
Magic:  6/8        EV:  7    Int: 13    God:    Okawaru [*.....]
Gold:   274        SH:  0    Dex:  9    Spells: 7/7 levels left

rFire    . . .     SeeInvis .   o - +0 flail
rCold    . . .     Gourm    .   (no shield)
rNeg     + . .     Faith    .   q - +0 plate armour
rPois    ∞         Spirit   .   (no helmet)
rElec    +         Reflect  .   (no cloak)
rCorr    .         Harm     .   e - +0 pair of gloves
MR       .....                  (no boots)
Stlth    ..........             (no amulet)
Regen    0.2/turn               (no ring)
MPRegen  0.2/turn               (no ring)

@: heroism
A: frail 2, negative energy resistance 1, electricity resistance, unbreathing,
petrification resistance, rot immunity, AC +5
a: Heroism, Renounce Religion


You were on level 6 of the Dungeon.
You worshipped Okawaru.
Okawaru was aware of your devotion.
You were not hungry.

You visited 1 branch of the dungeon, and saw 6 of its levels.

You collected 274 gold pieces.

Inventory:

Hand Weapons
 o - a +0 flail (weapon)
Armour
 e - a +0 pair of gloves (worn)
 q - a +0 plate armour (worn)
Wands
 l - a wand of confusion (9/48)
 n - a wand of acid (7/15)
 r - a wand of iceblast (7/15)
Scrolls
 f - 3 scrolls of identify {unknown}
 g - 2 scrolls of enchant weapon {unknown}
 h - 2 scrolls of enchant armour {unknown}
 p - 2 scrolls of remove curse {unknown}
Potions
 k - 5 potions of haste
 m - a potion of magic
Comestibles
 c - 5 bread rations
 d - 2 royal jellies
 i - 4 fruits
 j - 2 meat rations


   Skills:
 + Level 3.2(8.2) Fighting
 * Level 10.0(15.0) Maces & Flails
 + Level 2.1(7.1) Armour
 + Level 0.8(5.8) Dodging
 + Level 0.0 Invocations


You had 7 spell levels left.
You didn't know any spells.

Dungeon Overview and Level Annotations

Branches:
Dungeon (6/15)             Temple (0/1) D:5

Altars:
Fedhas
Kikubaaqudgha
Okawaru
Ru
Trog
Vehumet

Shops:
D:5 [(

Annotations:
D:3 exclusion: oklob plant


Innate Abilities, Weirdness & Mutations

You are resistant to torment.
Your stone body is resilient. (AC +5)
You are immune to poison.
You resist negative energy. (rN+)
You are resistant to electric shocks. (rElec)
You can survive without breathing.
You are immune to petrification.
You are immune to rotting.
You are very frail. (-20% HP)


Message History

The troll is heavily wounded.
You hit the troll but do no damage.
The troll is heavily wounded.
The troll bites you but does no damage. The troll claws you but does no damage.
The troll claws you.
* * * LOW HITPOINT WARNING * * *
You gain the combat prowess of a mighty hero.
The troll bites you.
* * * LOW HITPOINT WARNING * * *
The troll claws you but does no damage. x2
You hit the troll.
The troll is heavily wounded.
The troll bites you.
* * * LOW HITPOINT WARNING * * *
The troll claws you but does no damage. x2
You hit the troll.
The troll is severely wounded.
The troll bites you but does no damage. The troll completely misses you.
The troll claws you!
You die...

#......#########...##.
#$.....#......##...##.
#..............)...#..
#..................+..
#..................#..
#.............##...##.
#.............##...##.
#.....................
#....@###.....##......
#...$T# #...[.##......
#...... #.....+......%
#.......#.....##...##.
#.......+.....##. #.
#......##.....# #.
############### #. #.
#.


You could see a troll.

Vanquished Creatures
  A phantom (D:4)
  A centaur (D:5)
  An ogre (D:5)
  A bullfrog (D:6)
  A scorpion (D:5)
  4 howler monkeys
  4 hounds
  A bullfrog skeleton (D:4)
  An iguana (D:4)
  2 orc wizards (D:3)
  3 worker ants
  A hound skeleton (D:4)
  10 adders
  A river rat (D:3)
  An ooze (D:2)
  A worm (D:5)
  2 dart slugs
  7 leopard geckos
  15 orcs
  A ball python (D:5)
  10 bats
  8 giant cockroaches
  8 goblins
  9 hobgoblins
  7 jackals
  A quokka (D:2)
  2 frilled lizards
  A giant cockroach zombie (D:4)
  13 kobolds
  12 rats
130 creatures vanquished.

Vanquished Creatures (others)
  2 orc wizards (D:5)
  A giant cockroach (D:5)
  12 toadstools (D:3)
15 creatures vanquished.

Grand Total: 145 creatures vanquished

Notes
Turn   | Place    | Note
-------+----------+-------------------------------------------
     0 | D:1      | Monsterracer the Gargoyle Chaos Knight began the quest for the Orb.
     0 | D:1      | Reached XP level 1. HP: 14/14 MP: 1/1
    70 | D:1      | Reached XP level 2. HP: 19/19 MP: 2/2
   224 | D:1      | Reached skill level 4 in Maces & Flails
   326 | D:1      | XOM: divination: magic mapping
   356 | D:1      | Reached XP level 3. HP: 21/23 MP: 3/3
   441 | D:1      | XOM: god gift: bread ration
   780 | D:2      | Found an iron altar of Okawaru.
   836 | D:2      | Fell from the grace of Xom
   836 | D:2      | Became a worshipper of Warmaster Okawaru
   935 | D:2      | XOM: severe Tloc miscast
  1027 | D:2      | XOM: 1-stop teleportation journey
  1053 | D:2      | Gained mutation: Scrolls take you a little longer to read. [mutagenic glow]
  1478 | D:2      | Reached XP level 4. HP: 20/28 MP: 4/4
  1658 | D:2      | Reached skill level 5 in Maces & Flails
  1687 | D:2      | Found a radiant altar of Vehumet.
  1696 | D:2      | Found a sacrificial altar of Ru.
  1701 | D:2      | Found an ancient bone altar of Kikubaaqudgha.
  1785 | D:2      | XOM: summons 3 hostile shadow creatures
  2025 | D:2      | XOM: summons 1 hostile demon
  2077 | D:3      | XOM: noise
  2168 | D:3      | Reached XP level 5. HP: 31/32 MP: 5/5
  2181 | D:3      | XOM: polymorph something unseen -> river rat
  2532 | D:3      | Reached skill level 6 in Maces & Flails
  2566 | D:3      | XOM: medium Tloc miscast
  2763 | D:3      | XOM: give mutation
  2763 | D:3      | Gained mutation: You are weak. (Str -2) [Xom's mischief]
  2814 | D:3      | Found a blossoming altar of Fedhas.
  2834 | D:3      | Noticed an oklob plant
  2892 | D:3      | Found a bloodstained altar of Trog.
  2999 | D:3      | XOM: summons 3 hostile shadow creatures
  3191 | D:3      | XOM: summons 4 hostile shadow creatures
  3359 | D:3      | XOM: give mutations
  3359 | D:3      | Gained mutation: Your body sometimes deteriorates upon taking damage. [Xom's mischief]
  3359 | D:3      | Lost mutation: Your body sometimes deteriorates upon taking damage. [Xom's mischief]
  3359 | D:3      | Gained mutation: You are frail. (-10% HP) [Xom's mischief]
  3359 | D:3      | Gained mutation: Your body sometimes deteriorates upon taking damage. [Xom's mischief]
  3459 | D:3      | Reached XP level 6. HP: 30/33 MP: 6/6
  3665 | D:3      | Lost mutation: You are weak. (Str -2) [potion of mutation]
  3665 | D:3      | Lost mutation: Scrolls take you a little longer to read. [potion of mutation]
  3665 | D:3      | Gained mutation: You are weak. (Str -2) [potion of mutation]
  3665 | D:3      | Lost mutation: You are weak. (Str -2) [potion of mutation]
  3788 | D:4      | XOM: noise
  3834 | D:4      | XOM: 3-stop teleportation journey
  3839 | D:4      | Noticed a phantom
  3870 | D:4      | Killed a phantom
  3870 | D:4      | Reached skill level 7 in Maces & Flails
  3925 | D:4      | Reached * piety under Okawaru
  4146 | D:4      | Reached XP level 7. HP: 36/36 MP: 7/7
  4474 | D:4      | Reached skill level 8 in Maces & Flails
  4553 | D:5      | Entered Level 5 of the Dungeon
  4834 | D:5      | Reached skill level 9 in Maces & Flails
  4839 | D:5      | Reached XP level 8. HP: 14/41 MP: 6/8
  4883 | D:5      | XOM: give mutation
  4883 | D:5      | Gained mutation: You are very frail. (-20% HP) [Xom's mischief]
  5023 | D:5      | XOM: give mutation
  5023 | D:5      | Lost mutation: Your body sometimes deteriorates upon taking damage. [Xom's mischief]
  5024 | D:5      | Found Gysudoes's Antique Armour Boutique.
  5130 | D:5      | XOM: severe Ice miscast
  5398 | D:5      | XOM: mild Ice miscast
  5509 | D:5      | XOM: summons 3 hostile demons
  5879 | D:5      | Found a staircase to the Ecumenical Temple.
  5972 | D:5      | Found Bigaumn's Antique Weapon Emporium.
  6082 | D:6      | XOM: summons 1 hostile demon
  6144 | D:6      | Reached skill level 10 in Maces & Flails
  6221 | D:6      | XOM: 8-stop teleportation journey
  6224 | D:6      | Got a pitted war axe
  6225 | D:6      | Identified the +4 war axe "Soxustraph" {holy, MR+ Str+3} (You found it on level 6 of the Dungeon)
  6334 | D:6      | Noticed a troll
  6357 | D:6      | Slain by a troll

Skill      XL: |  1  2  3  4  5  6  7  8 |
---------------+-------------------------+-----
Maces & Flails | 4 5 6 7 9 10 | 10.0
Fighting       | |  3.2
Armour         | |  2.1
Dodging        | |  0.8

Action                   |  1- 3 |  4- 6 |  7- 9 || total
-------------------------+-------+-------+-------++-------
Melee: Mace              |   111 |    62 |       ||   173
       Whip              |    40 |    48 |       ||    88
       Club              |    15 |       |       ||    15
       Flail             |       |   202 |   211 ||   413
       Punch             |       |       |     1 ||     1
Invok: Heroism           |       |       |     4 ||     4
  Use: Potion            |     3 |     1 |     2 ||     6
       Scroll            |       |       |     5 ||     5
  Eat: Chunk             |     2 |     9 |     7 ||    18
Armor: Leather armour    |    75 |   136 |       ||   211
       Skin              |     8 |       |       ||     8
       Plate armour      |       |    42 |   223 ||   265
Dodge: Dodged            |   140 |   194 |    71 ||   405
